 Dungeon Crawl Stone Soup version 0.29-a0-914-g906f1d757c (webtiles) character file.

Game seed: 12220351297205206474

1155 Garessta the Caller (level 8, -4/52 HPs)
             Began as an Octopode Summoner on July 26, 2022.
             Was an Initiate of Gozag.
             Slain by a steam dragon (9 damage)
             ... on level 6 of the Dungeon.
             The game lasted 00:17:48 (7565 turns).

Garessta the Caller (Octopode Summoner)             Turns: 7565, Time: 00:17:49

Health: -4/52      AC:  3    Str:  7    XL:     8   Next: 39%
Magic:  18/24      EV: 14    Int: 20    God:    Gozag
Gold:   376        SH:  0    Dex: 12    Spells: 3/16 levels left

rFire   . . .      SeeInvis +   d - +0 dagger
rCold   . . .      Faith    .   (no shield)
rNeg    . . .      Spirit   .   (helmet restricted)
rPois   +          Reflect  .   (no amulet)
rElec   .          Harm     .   t - ring of poison resistance
rCorr   .          Rampage  .   w - ring of magical power
Will    .....                   (no ring)
Stlth   +++.......              (no ring)
HPRegen 0.17/turn               (no ring)
MPRegen 0.19/turn               (no ring)
                                (no ring)
                                (no ring)

@: flying
A: almost no armour, amphibious, 8 rings, camouflage 1, gelatinous body 1,
(nimble swimmer 1), tentacles, iridescent scales 1, see invisible, no potion
heal 1, MP-powered wands
a: Renounce Religion, Potion Petition, Call Merchant, Bribe Branch


You were on level 6 of the Dungeon.
You worshipped Gozag.
Gozag was aware of your devotion.
You visited 2 branches of the dungeon, and saw 7 of its levels.

You collected 434 gold pieces.
You paid 58 gold pieces to Gozag.

Inventory:

Hand Weapons
 d - a +0 dagger (weapon)
Missiles
 i - 2 silver boomerangs
 m - 29 poisoned darts
Magical Staves
 q - a staff of death
 y - a staff of cold
Jewellery
 t - a ring of poison resistance (left tentacle)
 w - a ring of magical power (right tentacle)
Scrolls
 b - a scroll of noise {unknown}
 e - 2 scrolls of fog {unknown}
 f - 2 scrolls of identify {unknown}
 h - a scroll of enchant armour {unknown}
 l - 4 scrolls of teleportation {unknown}
 o - a scroll of poison {unknown}
 p - a scroll of summoning {unknown}
 s - 2 scrolls of amnesia {unknown}
 u - 3 scrolls of blinking {unknown}
 x - 2 scrolls of brand weapon {unknown}
 z - a scroll of immolation {unknown}
Potions
 a - a potion of magic
 c - a potion of heal wounds {unknown}
 g - a potion of might {unknown}
 j - 4 potions of haste
 k - 2 potions of mutation
 n - a potion of ambrosia {unknown}
 r - a potion of flight
 v - a potion of curing


   Skills:
 + Level 3.4 Fighting
 + Level 4.2 Dodging
 - Level 2.7 Stealth
 + Level 4.6 Spellcasting
 + Level 3.5 Hexes
 + Level 6.1 Summonings
 + Level 2.4 Air Magic


You had 3 spell levels left.
You knew the following spells:

 Your Spells              Type           Power      Damage    Failure   Level
a - Summon Small Mammal   Summ           100%       N/A       1%          1
b - Call Imp              Summ           29%        N/A       1%          2
c - Call Canine Familiar  Summ           29%        N/A       3%          3
d - Summon Guardian Gole  Hex/Summ       23%        N/A       4%          3
e - Summon Lightning Spi  Summ/Air       21%        N/A       21%         4

Your spell library contained the following spells:

 Spells                   Type           Power      Damage    Failure   Level
 Slow                     Hex            72%        N/A       2%          1
 Confusing Touch          Hex            18%        N/A       9%          3
 Blink                    Tloc           8%         N/A       19%         2
 Sublimation of Blood     Necr           4%         N/A       19%         2
 Wereblood                Tmut           4%         N/A       19%         2
 Mephitic Cloud           Conj/Pois/Air  7%         N/A       26%         3
 Ignite Poison            Fire/Tmut/Pois 4%         N/A       34%         3
 Lesser Beckoning         Tloc           4%         N/A       34%         3
 Spider Form              Tmut/Pois      4%         N/A       34%         3
 Vampiric Draining        Necr           4%         2d6       34%         3
 Alistair's Intoxication  Tmut/Pois      2%         N/A       97%         5
 Manifold Assault         Tloc           4%         N/A       97%         5
 Eringya's Noxious Bog    Tmut/Pois      2%         N/A       100%        6
 Summon Hydra             Summ           14%        N/A       100%        7


Dungeon Overview and Level Annotations

Branches:
Dungeon (6/15)             Temple (1/1) D:5

Altars:
Ashenzari
Cheibriados
Dithmenos
Fedhas
Gozag
Hepliaklqana
Kikubaaqudgha
Makhleb
Nemelex Xobeh
Okawaru
Qazlal
Ru
Sif Muna
Uskayaw
Vehumet
Wu Jian
Xom
Yredelemnul

Shops:
D:2 =


Innate Abilities, Weirdness & Mutations

You cannot wear most types of armour.
You are amphibious.
You can wear up to eight rings at the same time.
Your skin changes colour to match your surroundings (Stealth+).
Your rubbery body absorbs attacks. (AC +1, EV +1)
((You are camouflaged when in or above water. (Stealth+)))
You have tentacles for arms and can constrict up to eight enemies at once.
You are partially covered in iridescent scales. (AC +2)
You have supernaturally acute eyesight. (SInv)
Potions are less effective at restoring your health.
You expend magic power (3 MP) to strengthen your wands.


Message History

The steam dragon claws you.
* * * LOW HITPOINT WARNING * * *
Your hound bites the steam dragon.
Your crimson imp blinks!
Okay, then.
It was a potion of mutation.
You feel extremely strange.
Your system partially rejects the healing effects of potions.
Iridescent scales grow over part of your body.
Your vision sharpens.
You feel your magical essence link to the dungeon's wands.
Your hound barely misses the steam dragon.
The steam dragon misses you. The steam dragon barely misses you.
Your hound bites the steam dragon but does no damage.
You swap places.
The steam dragon attacks as you move away!
The steam dragon barely misses you.
The steam dragon claws you but does no damage.
Your quokka completely misses the steam dragon.
It was a potion of curing.
Your system partially rejects the healing.
You feel better.
Your hound closely misses the steam dragon.
The steam dragon completely misses you. The steam dragon misses you.
Your quokka closely misses the steam dragon.
Your hound bites the steam dragon but does no damage.
It was a potion of flight.
You feel very buoyant.
You fly up into the air.
Your quokka bites the steam dragon.
The steam dragon bites you.
* * * LOW HITPOINT WARNING * * *
The steam dragon misses you.
Your hound bites the steam dragon.
Unknown command.
Casting: Summon Small Mammal (safe; 1% risk of failure)
Confirm with . or Enter, or press ? or * to list all spells.
A guardian golem appears, shielding your allies.
Your hound barely misses the steam dragon.
Your quokka bites the steam dragon but does no damage.
The steam dragon bites you!
You die...
Your body crumbles into a pile of gold.

.##..#####...######...#####..##..
##..#### #...#######.#### #...#..
#......# #.....##.....#.# #......
5......#####............###......
##.#..###......###......##.....##
###))<...5.....# #...#.........##
..).....#####..####.###.##.....#.
.))###.## #.....9.##..###......
...# ### ###.@.......##......#
...####### ###rD#####..###......
##....##.####§#h##§##...###......
.........##....5§§§.....##......#
##..........§..####.........#.#..
###.........#### #........####...
###.........## ##........# #....
.##..........###..........###.##.
#.............#.........(.#......


You could see a steam dragon (ally target), a friendly guardian golem
(summoned), a friendly hound (summoned, sheltered), a friendly crimson imp
(summoned, sheltered) and a friendly quokka (summoned, sheltered).

Vanquished Creatures
  A scorpion (D:5)
  An adder (D:3)
  An ufetubus (D:5)
  A dart slug (D:4)
  An orc (D:5)
  An endoplasm (D:3)
  A giant cockroach (D:4)
  2 goblins
  2 hobgoblins (D:1)
  A quokka (D:1)
  A ball python (D:3)
  A bat (D:1)
  A frilled lizard (D:2)
  2 kobolds
17 creatures vanquished.

Vanquished Creatures (collateral kills)
  2 phantoms
  A bullfrog (D:6)
  A scorpion (D:5)
  A jelly (D:4)
  A hound (D:6)
  An orc priest (D:6)
  2 iguanas (D:6)
  Ijyb (D:3)
  4 adders
  2 worms (D:2)
  A dart slug (D:1)
  3 orcs
  A ball python (D:1)
  6 endoplasms
  A giant cockroach (D:1)
  10 hobgoblins
  3 quokkas
  2 bats (D:3)
  3 frilled lizards (D:1)
  6 goblins
  11 kobolds
63 creatures vanquished.

Vanquished Creatures (others)
  An orc warrior (D:6)
  An ice beast (D:6)
  An ogre (D:5)
  A kobold brigand (D:6)
  A bullfrog (D:6)
  A scorpion (D:5)
  A hound (D:6)
  An orc priest (D:6)
  2 plants (D:2)
10 creatures vanquished.

Grand Total: 90 creatures vanquished

Notes
Turn   | Place    | Note
-------+----------+-------------------------------------------
     0 | D:1      | Garessta the Octopode Summoner began the quest for the Orb.
     0 | D:1      | Reached XP level 1. HP: 11/11 MP: 3/3
   497 | D:1      | Reached XP level 2. HP: 17/17 MP: 0/5
   561 | D:1      | Learned a level 2 spell: Call Imp
  1473 | D:1      | Found a faded altar of an unknown god.
  1500 | D:2      | Reached XP level 3. HP: 21/21 MP: 1/6
  1511 | D:2      | Found a blossoming altar of Fedhas.
  1518 | D:2      | Got the Codex of Pestilence
  1570 | D:2      | Learned a level 3 spell: Call Canine Familiar
  1732 | D:2      | Found Ontaorhua's Jewellery Emporium.
  2223 | D:3      | Reached XP level 4. HP: 14/27 MP: 1/8
  2245 | D:3      | Learned a level 3 spell: Summon Guardian Golem
  2974 | D:3      | Noticed Ijyb
  3001 | D:3      | Killed Ijyb
  3005 | D:3      | Reached XP level 5. HP: 32/32 MP: 2/9
  3643 | D:4      | Reached skill level 5 in Summonings
  3698 | D:4      | Reached skill level 1 in Hexes
  3762 | D:4      | Noticed a phantom
  3814 | D:4      | Reached skill level 1 in Fighting
  4151 | D:4      | You fall into a shaft and drop 1 floor!
  4151 | D:5      | Entered Level 5 of the Dungeon
  4273 | D:5      | Found a staircase to the Ecumenical Temple.
  4277 | D:5      | Noticed an ogre
  4282 | Temple   | Entered the Ecumenical Temple
  4419 | Temple   | Became a worshipper of Gozag Ym Sagoz the Greedy
  4624 | D:4      | Killed a phantom
  4625 | D:4      | Reached XP level 6. HP: 38/38 MP: 11/11
  5302 | D:5      | Reached XP level 7. HP: 45/45 MP: 12/12
  5586 | D:5      | Learned a level 4 spell: Summon Lightning Spire
  5732 | D:5      | Found a staircase to the Ecumenical Temple.
  6665 | D:6      | Reached skill level 1 in Air Magic
  6757 | D:6      | Noticed a steam dragon
  7003 | D:6      | Reached XP level 8. HP: 52/52 MP: 14/14
  7161 | D:6      | Reached skill level 6 in Summonings
  7561 | D:6      | Gained mutation: Potions are less effective at restoring
                  | your health. [potion of mutation]
  7561 | D:6      | Gained mutation: You are partially covered in iridescent
                  | scales. (AC +2) [potion of mutation]
  7561 | D:6      | Gained mutation: You have supernaturally acute eyesight.
                  | (SInv) [potion of mutation]
  7561 | D:6      | Gained mutation: You expend magic power (3 MP) to
                  | strengthen your wands. [potion of mutation]
  7565 | D:6      | Slain by a steam dragon

Illustrated notes

Levels and vault maps discovered:
D:1:      evilmike_arrival_hilbert_curve, layout_basic,
          shapermc_ecumenical_altar_mp_urbaneastern, solitary_fountain,
          serial_park_tiny_pond, minmay_misc_feat_pillars
D:2:      layout_rooms, serial_shops, nicolae_shop_advertising_works
          [nicolae_subvault_shop_adworks], basic_altar, serial_bayou_pond_a
D:3:      layout_loops_cross, uniq_ijyb
D:4:      layout_loops_ring, minmay_splitting_lines, kennysheep_nub,
          minivault_26
D:5:      layout_basic, minmay_temple_entry_mist
D:6:      layout_cave_pools
Temple:   nicolae_temple_bog_church

Skill      XL: |  1  2  3  4  5  6  7  8 |
---------------+-------------------------+-----
Spellcasting   | 3 4 |  4.6
Summonings     | 5 6 |  6.1
Hexes          | 1 2 3 |  3.5
Fighting       | 1 2 3 |  3.4
Dodging        | 3 4 |  4.2
Air Magic      | 1 2 |  2.4
Stealth        | |  2.7

Action                   |  1- 3 |  4- 6 |  7- 9 || total
-------------------------+-------+-------+-------++-------
Melee: Dagger            |    18 |    30 |     5 ||    53
       Constrict         |     6 |     6 |     2 ||    14
       Tentacles         |     4 |     6 |     3 ||    13
       Punch             |       |     1 |       ||     1
 Cast: Summon Small Mamm |    22 |    12 |     2 ||    36
       Call Imp          |    17 |    18 |     6 ||    41
       Call Canine Famil |       |    11 |    12 ||    23
       Summon Guardian G |       |     2 |    10 ||    12
  Use: Potion            |       |       |     3 ||     3
 Stab: Sleeping          |     5 |     8 |       ||    13
Armor: Skin              |       |     3 |     4 ||     7
Dodge: Dodged            |    16 |    28 |    21 ||    65

Table legend: (Time is in decaauts)
 A = Elapsed time spent in this place.
 B = Non-inter-level travel time spent in this place.
 C = Inter-level travel time spent in this place.
 D = Time resting spent in this place.
 E = Time spent auto-exploring this place.
 F = Levels seen in this place.
 G = Mean time per level.
                   A        B        C        D        E       F      G
               +--------+--------+--------+--------+--------+-----+--------+
         Total |   7562 |   7419 |    143 |    136 |   6131 |   7 | 1080.3 |
       Dungeon |   7416 |   7292 |    124 |    136 |   6021 |   6 | 1236.0 |
        Temple |    146 |    127 |     19 |      0 |    110 |   1 |  146.0 |
               +--------+--------+--------+--------+--------+-----+--------+

Top non-repeatable levels by time:
     D:5: 2065 daAuts
     D:1: 1495 daAuts
     D:3: 1307 daAuts
     D:6: 976 daAuts
     D:4: 950 daAuts
     D:2: 620 daAuts
  Temple: 146 daAuts
